 Dungeon Crawl Stone Soup version 0.30.1-11-g7821555f0a (webtiles) character file.

Game seed: 14655836112945934825

1092 jagang the Slasher (level 8, -6/65 HPs)
             Began as a Barachi Monk on Nov 15, 2023.
             Killed by nerve-wracking pain
             ... invoked by a shadow imp
             ... summoned by Eustachio
              (11 damage)
             ... on level 5 of the Dungeon.
             The game lasted 00:12:58 (4869 turns).

jagang the Slasher (Barachi Monk)                   Turns: 4869, Time: 00:13:05

Health: -6/65      AC: 14    Str: 12      XL:     8   Next: 31%
Magic:  8/8        EV: 11    Int: 11      God:
Gold:   545        SH:  0    Dex: 15 (17) Spells: 7/7 levels left

rFire   . . .        g - +2 triple sword (heavy)
rCold   . . .        (shield currently unavailable)
rNeg    . . .        h - +4 ring mail
rPois   +            u - +0 helmet
rElec   .            x - +0 cloak
rCorr   .            b - +0 pair of gloves
SInv    .            (no boots)
Will    .....        (no amulet)
Stlth   +            o - ring of poison resistance
HPRegen 0.30/turn    (no ring)
MPRegen 0.11/turn

%: no passive effects
@: unable to hop, slow
A: amphibious, slowness 1, strong legs 1, +LOS
a: Hop


You were on level 5 of the Dungeon.
You visited 1 branch of the dungeon, and saw 5 of its levels.
You also visited: Ossuary.

You collected 545 gold pieces.

Inventory:

Hand Weapons
 g - a +2 heavy triple sword (weapon)
 m - a +1 falchion of holy wrath
 r - the +7 sling of the Endless March {heavy, rPois Str+3}
   (You found it on level 3 of the Dungeon)

   Str:       It affects your strength (+3).
   rPois:     It protects you from poison.
 w - a +0 long sword
Missiles
 i - 3 javelins
 s - 48 stones (quivered)
 y - 6 poisoned darts
Armour
 b - a +0 pair of gloves (worn)
 d - an orb of light
 h - a +4 ring mail (worn)
 u - a +0 helmet (worn)
 x - a +0 cloak (worn)
Jewellery
 o - a ring of poison resistance (left hand)
Wands
 t - a wand of mindburst (23)
Scrolls
 j - 2 scrolls of brand weapon
 l - a scroll of noise
 n - a scroll of fear
 p - a scroll of enchant weapon
 q - 2 scrolls of poison
 v - 4 scrolls of teleportation
Potions
 a - 3 potions of heal wounds
 c - 3 potions of ambrosia
 e - 5 potions of curing
 f - a potion of degeneration {unknown}
 k - 2 potions of brilliance {unknown}
 z - a potion of berserk rage {unknown}


   Skills:
 + Level 6.8 Fighting
 * Level 7.5 Long Blades
 + Level 3.3 Throwing
 + Level 5.6 Armour
 - Level 3.2 Dodging


You had 7 spell levels left.
You didn't know any spells.
Your spell library contained the following spells:

 Spells                   Type           Power      Damage    Failure   Level
 Kiss of Death            Conj/Necr      0%         2d5       58%         1
 Necrotise                Necr           0%         1d4       58%         1
 Passwall                 Tmut/Erth      0%         N/A       73%         2
 Confusing Touch          Hex            0%         N/A       91%         3
 Dazzling Flash           Conj/Hex       0%         N/A       91%         3
 Stone Arrow              Conj/Erth      0%         3d7       91%         3
 Summon Guardian Golem    Hex/Summ       0%         N/A       91%         3
 Vampiric Draining        Necr           0%         2d6       91%         3
 Dispel Undead            Necr           0%         3d6       100%        4
 Agony                    Necr           0%         N/A       100%        5
 Silence                  Hex/Air        0%         N/A       100%        5
 Orb of Destruction       Conj           0%         9d5       100%        7
 Spellforged Servitor     Conj/Summ      0%         N/A       100%        7
 Shatter                  Erth           0%         3d5*      100%        9


Dungeon Overview and Level Annotations

Branches:
Dungeon (5/15)            Ossuary (visited)
 Temple: D:4-7

Altars:
Cheibriados
Elyvilon
Gozag
Hepliaklqana
Uskayaw

Annotations:
D:5 Eustachio, Pikel


Innate Abilities, Weirdness & Mutations

You are amphibious.
You cover ground slowly.
You can hop short distances.
You have an extended range of vision and can be seen from far away.


Message History

Eustachio blinks!
The river rat barely misses you.
The river rat bites you but does no damage.
The white imp picks up a beetle and eats it.
The white imp misses you.
The shadow imp hits you but does no damage.
The shadow imp hits you.
* * * LOW HITPOINT WARNING * * *
Hop to where?
Press: ? - help, Dir - move target Boing!
The white imp grins evilly.
Eustachio hits you with a +0 falchion.
* * * LOW HITPOINT WARNING * * *
You closely miss Eustachio.
Eustachio is severely wounded.
The bat barely misses you. x2; Eustachio hits you with a +0 falchion.
* * * LOW HITPOINT WARNING * * *
The shadow imp disappears for a moment.
The bat closely misses you. The bat hits you but does no damage.
Eustachio casts a spell.
Eustachio blinks!
The bat hits you but does no damage.
As you read the scroll of fear, it crumbles to dust.
You assume a fearsome visage.
The river rat looks frightened!
The bat looks frightened!
Eustachio looks frightened!
The bat looks frightened!
The white imp looks frightened!
The river rat looks frightened!
The shadow imp looks frightened!
Eustachio mumbles some strange words.
Eustachio blinks!
As you read the scroll of identify, it crumbles to dust.
a - 3 potions of heal wounds The shadow imp disappears in a puff of smoke!
Eustachio mumbles some strange words.
Eustachio blinks!
As you read the scroll of identify, it crumbles to dust.
e - 5 potions of curing Eustachio mumbles some strange words.
Eustachio blinks!
The shadow imp gestures at you. Pain shoots through your body!
You die...

##)..........##
#b...........## ...#
#.#§..........##
....#
##.............##
....#
#.........§....#
....#
#.#...........##
#.#.##.#...........#
#....##.#..........#
#> #..#....@.......##
#..##...r..........##
#..)r55###.....###
#.#....# ##...###
............#
###...####
............#
###....#
##.........## ###..#
########### ####


You could see 2 river rats, a white imp (summoned, fleeing), a shadow imp
(summoned) and a bat (summoned, fleeing).

Vanquished Creatures
  A centaur (D:5)
  An ogre (D:4)
  3 phantoms
  An elf zombie (Ossuary)
  A hound (D:5)
  An orc priest (D:5)
  3 jellies (D:5)
  Crazy Yiuf (D:4)
  A gnoll bouda (D:5)
  A human zombie (Ossuary)
  An iguana (D:5)
  2 mummies (Ossuary)
  8 adders
  16 gnolls
  A white imp (D:5)
  An ufetubus (D:5)
  A worm (D:4)
  3 dart slugs
  7 orcs
  6 endoplasms
  3 giant cockroaches
  4 gnoll zombies (Ossuary)
  5 goblins
  4 hobgoblins
  5 jackals
  5 quokkas
  7 ball pythons
  10 bats
  2 frilled lizards (D:1)
  2 goblin zombies (Ossuary)
  5 hobgoblin zombies (Ossuary)
  11 kobolds
  An orc zombie (Ossuary)
  8 rats
132 creatures vanquished.

Notes
Turn   | Place    | Note
-------+----------+-------------------------------------------
     0 | D:1      | jagang the Barachi Monk began the quest for the Orb.
     0 | D:1      | Reached XP level 1. HP: 18/18 MP: 1/1
   224 | D:1      | Reached XP level 2. HP: 14/25 MP: 2/2
   302 | D:1      | Reached skill level 1 in Armour
   428 | D:1      | Reached skill level 4 in Long Blades
   789 | D:1      | Found a faded altar of an unknown god.
   793 | D:1      | Reached XP level 3. HP: 24/30 MP: 3/3
  1026 | D:2      | Found a white marble altar of Elyvilon.
  1454 | D:2      | Reached XP level 4. HP: 16/38 MP: 4/4
  1835 | D:3      | Reached XP level 5. HP: 21/43 MP: 5/5
  2040 | D:3      | Found a hide-covered altar of Uskayaw.
  2277 | D:3      | Reached skill level 1 in Throwing
  2340 | D:3      | Reached skill level 5 in Long Blades
  2358 | D:3      | Found a snail-covered altar of Cheibriados.
  2381 | D:3      | Got Bufinioc's Catalogue of Erosion
  2392 | D:3      | Identified the +7 sling of the Endless March {heavy, rPois
                  | Str+3}
  2702 | D:4      | Noticed an ogre
  2709 | D:4      | Killed an ogre
  2710 | D:4      | Reached skill level 5 in Fighting
  2710 | D:4      | Reached XP level 6. HP: 51/51 MP: 6/6
  2900 | D:4      | Found a hazy altar of Hepliaklqana.
  3049 | D:4      | Found a sand-covered staircase.
  3054 | Ossuary  | Entered an ossuary
  3079 | Ossuary  | Reached XP level 7. HP: 35/57 MP: 7/7
  3083 | Ossuary  | Reached skill level 6 in Long Blades
  3323 | D:4      | Identified a scroll of acquirement
  3324 | D:4      | Acquired a +2 heavy triple sword
  3627 | D:4      | Found a runed translucent door.
  3628 | D:4      | Noticed Crazy Yiuf
  3632 | D:4      | Killed Crazy Yiuf
  3789 | D:5      | Entered Level 5 of the Dungeon
  4022 | D:5      | Noticed Pikel
  4134 | D:5      | Reached skill level 5 in Armour
  4274 | D:5      | Found an opulent altar of Gozag.
  4308 | D:5      | Reached skill level 7 in Long Blades
  4308 | D:5      | Reached XP level 8. HP: 47/65 MP: 8/8
  4852 | D:5      | Noticed Eustachio
  4869 | D:5      | Killed from afar by a shadow imp

Illustrated notes

Levels and vault maps discovered:
D:1:      giann_forest_graveyard, layout_rooms,
          shapermc_ecumenical_altar_notcrosses, serial_forest,
          infiniplex_forest_clump_cross, infiniplex_forest_zigzag_1,
          infiniplex_forest_diagonal, infiniplex_forest_lined_3,
          infiniplex_forest_corner_2, infiniplex_forest_zigzag_1,
          infiniplex_forest_clump_long, infiniplex_forest_straight_4,
          infiniplex_forest_diagonal, infiniplex_forest_corner_2
D:2:      layout_basic, basic_altar, dreamdust_princess_corridor,
          minmay_indecisive_spiral
D:3:      layout_loops_ring, lemuel_round_altar, marbit_many_paths
D:4:      layout_loops_cross, lemuel_tele_altar, nicolae_ossuary_entry_plus,
          uniq_crazy_yiuf_cottage
D:5:      layout_cave_pods, nemelex_xobeh_ov_fountains_minmay,
          grunt_gozag_statues, st_stairs_7, grunt_ministairs_14, uniq_pikel,
          uniq_eustachio

Skill      XL: |  1  2  3  4  5  6  7  8 |
---------------+-------------------------+-----
Armour         | 1 2 3 4 5 |  5.6
Fighting       | 4 5 6 |  6.8
Long Blades    | 4 5 7 |  7.5
Throwing       | 1 2 3 |  3.3
Dodging        | |  3.2

Action                     |  1- 3 |  4- 6 |  7- 9 || total
---------------------------+-------+-------+-------++-------
  Melee: Falchion          |   295 |   120 |    26 ||   441
         Triple sword      |       |       |    84 ||    84
   Fire: Sling             |       |     1 |       ||     1
  Throw: Javelin           |       |       |     3 ||     3
         Stone             |       |       |     1 ||     1
Ability: Hop               |       |       |     1 ||     1
    Use: Scroll            |       |     1 |    10 ||    11
 Armour: Robe              |     3 |       |       ||     3
         Scale mail        |    40 |    68 |    28 ||   136
         Chain mail        |       |       |    47 ||    47
         Ring mail         |       |       |    58 ||    58
  Dodge: Dodged            |    54 |    67 |   182 ||   303
